[Event "GER-ch Youth-U16 2022"]
[Site "Willingen"]
[Date "2022.06.10"]
[Round "8.9"]
[White "Kort, Felix"]
[Black "Chassard, Cedric"]
[Result "1/2-1/2"]
[ECO "E32"]
[WhiteElo "1894"]
[BlackElo "2051"]
[Annotator "TA"]
[PlyCount "83"]
[EventDate "2022.06.05"]
[EventType "swiss"]
[EventRounds "9"]
[EventCountry "GER"]
[SourceTitle "playchess.com"]
[Source "ChessBase"]
[SourceQuality "1"]
[TimeControl "40/4500+30:900+30"]

1. d4 Nf6 2. c4 e6 3. Nc3 Bb4 4. Qc2 O-O 5. e4 d5 6. e5 Ne4 7. a3 Bxc3+ 8. bxc3 c5 9. Bd3 cxd4 10. cxd4 Qa5+ {[%emt 0:01:09] E32: Nimzo-Indian: Classical (4 Qc2): 4...0-0.} 11. Kf1 Bd7 {[%emt 0:03:12] [#]} (11... Nc6 $5 ) 12. f3 $146 (12. Bxe4 dxe4 13. Ne2 (13. Qxe4 Qc3 $17) 13... Qa4 14. Qxa4 Bxa4 $15) ({Predecessor:} 12. Ne2 f5 13. exf6 Nxf6 14. Bd2 Qd8 15. Bg5 h6 16. Bh4 Nc6 17. cxd5 exd5 18. f3 {1-0 (35) Morozevich,A (2770)-Pelletier,Y (2599) Biel 2012}) 12... f5 (12... Ba4 $11 13. Qe2 (13. Qb1 Nc6 $11) 13... f5) 13. Rb1 (13. Ne2 $1 $14) 13... Ba4 (13... dxc4 $15 14. Bxc4 (14. Bxe4 fxe4 15. Qxe4 Bc6 $15) 14... Rc8) 14. Qb2 $14 Nc6 {[%emt 0:12:16] Hoping for ...dxc4.} 15. Ne2 Rf7 16. Be3 ({Better is} 16. cxd5 $16 Qxd5 17. Nf4 Qxd4 18. Qxd4 (18. fxe4 fxe4 19. Qxd4 Nxd4 $16) 18... Nxd4 19. fxe4 fxe4 20. Bxe4) 16... Qa6 $11 17. Bc2 {[%emt 0:16:58] [#]} (17. Qc1 $11 {keeps the balance.} Na5 18. Rb4) 17... Na5 $1 $17 18. Bxa4 Nxc4 {[%emt 0:00:26][%mdl 64] Discovered Attack, Double Attack. Pair of Knights!} 19. Bb5 Nxe3+ 20. Kg1 Qa5 21. fxe4 (21. Qb4 $17 Qxb4 22. axb4) 21... a6 $2 (21... fxe4 $19 {aiming for ...a6.} 22. h4 a6) 22. exd5 (22. Qc1 $16) 22... axb5 $11 23. dxe6 Rc7 {[%emt 0:01:00] ...Rc2 is the strong threat.} 24. Qb3 (24. Qxb5 $2 Rc1+ $3 25. Kf2 Ng4+ 26. Kf3 Qxb5 27. Rxb5 Rxh1 $19) (24. e7 $1 $14) 24... Qd2 $1 $36 {[%emt 0:02:10][%mdl 2048] White is under pressure.} 25. e7+ $1 (25. Qxb5 Ng4 26. Qb3 Qxe2 27. e7+ Kh8 28. Qf3 Qd2 29. Rd1 Rc1 30. Qxg4 fxg4 31. Rxc1 Qxc1+ 32. Kf2 Qxh1 33. e6 Qxh2 34. a4 Qf4+ 35. Ke1 Qxd4 36. Kf1 Rc8 37. e8=Q+ Rxe8 38. Ke2 Rxe6+ 39. Kf1 Qf4+ 40. Kg1 Re1#) 25... Nc4 ({Black should play} 25... Kh8 $1 $15 26. Kf2 (26. Qxb5 Rxe7 27. h3 Nc2 $17) 26... Ng4+ 27. Kf1 Ne3+ 28. Kf2 Ng4+ 29. Kf1 Re8) 26. Qf3 (26. Qxb5 Kf7 27. e8=B+ (27. Qd5+ Kxe7 28. h4 Qxe2 $11) 27... Rxe8 28. Qd5+ Re6 $11) (26. Kf2 $1 $14) 26... Rxe7 27. h4 $2 (27. Kf2 $1 $15 Rxa3 28. Rb3) 27... Rxa3 $19 28. Qf2 Ra2 29. Re1 Ne3 30. Rh3 {[%emt 0:00:05] [#]} Nc2 (30... f4 31. Rf3 $11) (30... Ng4 $1 $19 31. Qf1 b4) 31. Rc1 Ra1 $2 (31... Nxd4 $2 32. Qxd4 Qxd4+ 33. Nxd4 Rxe5 34. Rc8+ Kf7 35. Rc7+ Re7 36. Rxe7+ (36. Nxb5 Rxc7 37. Nxc7 Rc2 $16) 36... Kxe7 37. Rb3 $18 (37. Nxf5+ Kd7 $16) (37. Nxb5 Ra4 $16)) (31... h6 $15 {keeps the upper hand.} 32. Rf1 Ra4) 32. Rxa1 $18 Nxa1 33. Rc3 {[%emt 0:00:35] Threatens to win with Rc8+.} Re8 {[%emt 0:00:43] Against Rc8} 34. Rc7 {[%emt 0:01:05] Strongly threatening Kh2.} b4 35. Qxf5 $2 Rf8 (35... Qe1+ $16 {is tougher.} 36. Qf1 Qxf1+ 37. Kxf1 b6) 36. Rc8 $2 (36. Qg4 $18 Qh6 37. Rc8) 36... Qe1+ $11 {[%emt 0:00:34] The position is equal.} 37. Kh2 Qxh4+ 38. Kg1 Qe1+ 39. Kh2 Qh4+ 40. Kg1 {[%emt 0:00:05][%csl Gf5][%cal Rc8f8] Really sharp!} Qe1+ 41. Kh2 Qh4+ 42. Kg1 {[%emt 0:00:00] Weighted Error Value: White=0.70/Black=0.62} 1/2-1/2

[Event "GER-ch Youth-U16 2022"]
[Site "Willingen"]
[Date "2022.06.10"]
[Round "8.10"]
[White "Rempe, Jonas"]
[Black "Bock, Marlon"]
[Result "1/2-1/2"]
[ECO "B34"]
[WhiteElo "1856"]
[BlackElo "1816"]
[Annotator "NA RC COMBH"]
[PlyCount "131"]
[EventDate "2022.06.05"]
[EventType "swiss"]
[EventRounds "9"]
[EventCountry "GER"]
[SourceTitle "playchess.com"]
[Source "ChessBase"]
[SourceQuality "1"]
[TimeControl "40/4500+30:900+30"]

1. e4 c5 2. Nf3 Nc6 3. d4 cxd4 4. Nxd4 Nf6 5. Nc3 e5 6. Ndb5 d6 7. Nd5 Nxd5 8. exd5 Ne7 9. c4 Ng6 10. h4 Be7 11. h5 Nh4 12. c5 Nf5 (12... dxc5 $2 13. d6 O-O 14. dxe7 Qxe7 15. h6 $18) 13. g4 a6 14. gxf5 axb5 15. Bxb5+ Kf8 (15... Bd7 $11 16. cxd6 Qa5+ 17. Qd2 Bxd6 18. Qxa5 Rxa5 19. Bxd7+ Kxd7) 16. h6 Bf6 (16... g5 $14 17. fxg6 hxg6) 17. hxg7+ Bxg7 18. Bd3 dxc5 19. Be4 Qf6 20. Rh5 Ra6 (20... Bd7 $16 {is a better defense.}) 21. Be3 Qb6 22. Qc2 Qb4+ 23. Bd2 Qd4 24. Bc3 Qa4 25. b3 Qd7 (25... Qe8 $142 26. O-O-O b6) 26. O-O-O Qd6 (26... f6 $142 27. Bd2 b6) 27. Bd2 Bd7 28. Be3 b6 29. Rdh1 h6 30. Kb1 Be8 31. Qc1 f6 32. R5h4 h5 33. Bf3 Bf7 34. Qc4 Ra7 35. b4 cxb4 36. Qxb4 Ke7 37. Rc1 Rha8 38. Qxd6+ Kxd6 39. Rc6+ Kd7 (39... Ke7 $2 40. d6+ Ke8 41. Rxb6 $18) 40. Rhc4 Rxa2 41. Rc7+ Ke8 42. Bxb6 $2 (42. Rc8+ Rxc8 43. Rxc8+ Kd7 44. Rb8 Bxd5 45. Bxd5) 42... R2a3 43. Rc8+ ({Worse is} 43. Bxh5 Bxh5 44. Rxg7 Bf7 $11) 43... Rxc8 44. Rxc8+ Ke7 45. Bc5+ Kd7 46. Bxa3 Kxc8 47. Kc2 Kd7 48. Kc3 (48. Kd3 $11 {is superior.}) 48... h4 49. Kd3 h3 50. Ke2 $1 h2 51. Kf1 $11 Bh5 52. Be4 Bh6 53. Kg2 Bf4 54. Bc5 Bf7 55. Bf3 Bg8 56. Be3 Kd6 57. Bxf4 exf4 58. Kxh2 Bxd5 59. Be2 Ke5 60. Bg4 Be4 61. f3 Bxf5 62. Bh5 Kd4 63. Kg2 Ke3 64. Be8 Bh3+ 65. Kxh3 Kxf3 66. Bc6+ 1/2-1/2

[Event "GER-ch Youth-U16 2022"]
[Site "Willingen"]
[Date "2022.06.10"]
[Round "8.11"]
[White "Lerchl, Clemens"]
[Black "Neuber, Pascal"]
[Result "1-0"]
[ECO "B10"]
[WhiteElo "1843"]
[BlackElo "1802"]
[Annotator "NA RC COMBH"]
[PlyCount "65"]
[EventDate "2022.06.05"]
[EventType "swiss"]
[EventRounds "9"]
[EventCountry "GER"]
[SourceTitle "playchess.com"]
[Source "ChessBase"]
[SourceQuality "1"]
[TimeControl "40/4500+30:900+30"]

1. e4 c6 2. Nc3 d5 3. Nf3 dxe4 4. Nxe4 Nf6 5. Qe2 Nxe4 6. Qxe4 Qa5 7. Bd3 Nd7 8. Qf4 Nf6 9. O-O g6 10. Bc4 Bg7 11. d3 O-O 12. Bd2 (12. Re1 $14 {is superior.}) 12... Qf5 13. Rfe1 Re8 (13... Qxf4 $11 {was preferrable.} 14. Bxf4 Re8) 14. Ng5 (14. Qc7 $14 Bf8 15. Bb4) 14... Nd5 15. Qh4 h6 16. Ne4 g5 17. Qh5 Nf4 (17... Bxb2 $2 {[#]} 18. Nd6 $1 exd6 19. Rxe8+ Kg7 20. Rae1 $18) 18. Bxf4 gxf4 19. Qf3 Bd7 20. c3 c5 {[%emt 0:03:36] [#]} 21. a4 (21. Bd5 $1 $14) 21... Bc6 22. Bb5 Rac8 23. Ng3 Qg5 24. Ne4 Qf5 25. Ng3 (25. h3 $14) 25... Qg5 26. Bxc6 Rxc6 27. Nh5 Be5 $16 (27... Rd8 $14) 28. Re4 Rd8 29. g3 Rg6 30. Nxf4 Bxf4 31. Rxf4 Rxd3 32. Qxd3 Qxf4 33. Qxg6+ 1-0

[Event "GER-ch Youth-U16 2022"]
[Site "Willingen"]
[Date "2022.06.10"]
[Round "8.12"]
[White "Ehrig, Leon Chris"]
[Black "Bungarten, Jona"]
[Result "1-0"]
[ECO "C58"]
[WhiteElo "1890"]
[BlackElo "1843"]
[Annotator "NA RC COMBH"]
[PlyCount "43"]
[EventDate "2022.06.05"]
[EventType "swiss"]
[EventRounds "9"]
[EventCountry "GER"]
[SourceTitle "playchess.com"]
[Source "ChessBase"]
[SourceQuality "1"]
[TimeControl "40/4500+30:900+30"]

1. e4 e5 2. Nf3 Nc6 3. Bc4 Nf6 4. Ng5 d5 5. exd5 Na5 6. Bb5+ c6 7. dxc6 bxc6 8. Bd3 {[%emt 0:00:00] is recently more successful than 8.Be2.} h6 9. Ne4 Nd5 10. Nbc3 Nf4 11. Bf1 f5 ({Black should play} 11... Ne6 $14) 12. Ng3 $2 (12. g3 $16) 12... Bd6 13. d4 {[%emt 0:09:34] [#]} Qf6 $146 ({Predecessor:} 13... Qe7 $15 14. d5 (14. dxe5 Bxe5 15. Be2 Nxg2+ 16. Kf1 Nh4 17. f4 Bc7 18. a3 O-O 19. b4 Nb7 {½-½ (45) Cuellar Elisvan,D (2272)-Espinoza Palomino,W (2296) Sao Paulo 2012}) 14... O-O) 14. dxe5 Qxe5+ 15. Nge2 Ne6 ({Black should try} 15... Qe7) 16. f4 $1 Qc5 17. Qd3 Ke7 $2 (17... Bc7 $1 $14) 18. Be3 Qc4 19. Qxf5 $18 Qb4 20. a3 Qxb2 21. Ra2 Nc5 22. Qg6 1-0

[Event "GER-ch Youth-U16 2022"]
[Site "Willingen"]
[Date "2022.06.10"]
[Round "8.13"]
[White "Hecht, Jonas Christian"]
[Black "Gluma, Christian"]
[Result "1/2-1/2"]
[ECO "B12"]
[WhiteElo "1884"]
[BlackElo "2012"]
[Annotator "TA"]
[PlyCount "41"]
[EventDate "2022.06.05"]
[EventType "swiss"]
[EventRounds "9"]
[EventCountry "GER"]
[SourceTitle "playchess.com"]
[Source "ChessBase"]
[SourceQuality "1"]
[TimeControl "40/4500+30:900+30"]

1. e4 c6 2. d4 d5 3. e5 g6 4. h4 h5 5. Bd3 Nh6 6. Ne2 {[%emt 0:04:00] [#] B12: Caro-Kann: Advance Variation.} Qb6 $146 ({Predecessor:} 6... c5 7. dxc5 Nc6 8. Nbc3 Ng4 9. Bb5 e6 10. Bg5 Qc7 11. Bxc6+ bxc6 12. Qd4 Bg7 {½-½ (50) Bachmann,A (2599)-Larino Nieto,D (2461) chess24.com INT 2020}) 7. c3 Na6 (7... Bf5 $11) 8. Nf4 (8. a4 $16) 8... Nc7 $14 9. a4 Ne6 10. a5 Qc7 11. Qa4 {[%emt 0:04:55] aiming for Nxd5. White is more active.} Nxf4 12. Bxf4 Bf5 13. Bxf5 Nxf5 14. Nd2 e6 15. Nf3 Be7 16. g3 O-O 17. b4 Rfc8 18. O-O Qd8 19. Ra2 Kg7 20. Re1 Qc7 21. Bg5 {[%emt 0:01:37] Weighted Error Value: White=0.17 (very precise) /Black=0.15 (very precise)} 1/2-1/2

[Event "GER-ch Youth-U16 2022"]
[Site "Willingen"]
[Date "2022.06.10"]
[Round "8.14"]
[White "Mimkes, Antal"]
[Black "Spriestersbach, Kai"]
[Result "1-0"]
[ECO "B23"]
[WhiteElo "1696"]
[BlackElo "1948"]
[Annotator "TA"]
[PlyCount "51"]
[EventDate "2022.06.05"]
[EventType "swiss"]
[EventRounds "9"]
[EventCountry "GER"]
[SourceTitle "playchess.com"]
[Source "ChessBase"]
[SourceQuality "1"]
[TimeControl "40/4500+30:900+30"]

1. e4 c5 2. Nc3 Nc6 3. f4 g6 4. Nf3 Bg7 5. g3 d6 6. Bg2 e6 7. O-O Nge7 8. d3 O-O 9. Rb1 Rb8 10. a4 {[%emt 0:00:00] B25: Closed Sicilian: 3 g3, lines without early Be3.} b6 {[%emt 0:08:16] [#]} 11. g4 $146 (11. Be3 $11 {should be considered.}) ({Predecessor:} 11. Ne2 Bb7 12. b3 d5 13. e5 d4 14. Ng5 Nb4 15. Ne4 Bxe4 16. Bxe4 Nbd5 17. g4 f6 18. exf6 Nxf6 {½-½ (43) Pardo Simon,D (2163)-Anton Guijarro,D (1988) Aviles 2008}) 11... f5 $15 12. exf5 {[%emt 0:00:00] Black is slightly better.} gxf5 13. g5 $1 a6 14. h4 Qe8 15. Ne2 e5 16. Ng3 {[%emt 0:03:24] Prevents e4.} Be6 17. h5 Nd5 $1 18. h6 Bh8 19. Nh4 Nxf4 20. Bxf4 exf4 21. Nh5 $1 f3 22. Bxf3 Nd4 (22... Ne5 $11) 23. Bg2 $2 {[%emt 0:09:21] [#]} (23. c3 $1 $14 {was the only good move.}) 23... Nxc2 $2 24. Ng7 $1 $18 {[%emt 0:07:15] Pair of Knights! White has a decisive advantage.} Qxa4 25. Nxe6 Qxh4 26. Qxc2 {[%emt 0:01:22] Weighted Error Value: White=0.31/Black=0.51} 1-0

[Event "GER-ch Youth-U16 2022"]
[Site "Willingen"]
[Date "2022.06.10"]
[Round "8.15"]
[White "Tovmasyan, Minas"]
[Black "Guo, Philipp Ziming"]
[Result "0-1"]
[ECO "A46"]
[WhiteElo "1933"]
[BlackElo "1825"]
[Annotator "TA"]
[PlyCount "86"]
[EventDate "2022.06.05"]
[EventType "swiss"]
[EventRounds "9"]
[EventCountry "GER"]
[SourceTitle "playchess.com"]
[Source "ChessBase"]
[SourceQuality "1"]
[TimeControl "40/4500+30:900+30"]

1. d4 Nf6 2. Nf3 e6 3. g3 c5 4. Bg2 cxd4 5. Nxd4 d5 6. O-O e5 7. Nb3 Be6 8. Bg5 {[%emt 0:00:00] Threatening Bxf6. D02: 1 d4 d5 2 Nf3 sidelines, including 2...Nf6 3 g3 and 2...Nf6 3 Bf4.} Nbd7 {[%emt 0:00:00] [#]} 9. Qd3 $146 ({Predecessor:} 9. Nc3 h6 10. Bxf6 Nxf6 11. Qd3 Be7 12. Rad1 d4 13. Bxb7 O-O 14. Ne4 Rb8 15. Nxf6+ Bxf6 {½-½ (25) Mamedyarov,S (2765)-Ding,L (2799) Chess.com INT 2021}) 9... h6 10. Bxf6 {[%emt 0:01:03] The position is equal.} Nxf6 11. Qb5+ Qd7 12. Nc3 (12. Qxd7+ $11 {is superior.} Kxd7 13. f4 exf4 14. gxf4) 12... Rd8 13. Na5 Qxb5 14. Nxb5 Rd7 (14... Bb4 $5 15. Nc7+ (15. Nxb7 $2 Rd7 $19) 15... Ke7 $11) 15. c4 Bb4 16. cxd5 Bxd5 17. Bxd5 Nxd5 18. Nc4 a6 19. Nba3 (19. Nxe5 {keeps more tension.} axb5 20. Nxd7 Kxd7 21. Rad1) 19... f6 20. Rfd1 (20. Nc2 $11 {keeps the balance.}) 20... b5 $17 {[%emt 0:01:18] Black keeps a firm grip on the game.} 21. e4 bxc4 22. exd5 Bxa3 {[%emt 0:00:54] Black is more active.} 23. bxa3 {[%emt 0:00:01][%mdl 4096] Endgame [#] KRR-KRR} Ke7 $1 24. Rab1 Rc8 25. Kf1 Rc5 26. Rbc1 Kd6 (26... Rcxd5 27. Rxd5 Rxd5 28. Rxc4 $15) (26... c3 27. Rd3 $17) 27. Rd2 (27. Rc3 $17 {is a better defense.}) 27... Rdc7 ({Weaker is} 27... Rxd5 28. Rdc2 $17) 28. Rdc2 c3 ({Stronger than} 28... Kxd5 29. f3) 29. Ke2 Kxd5 30. f3 f5 31. h4 (31. Rd1+ {was called for.} Kc4 32. Rb1) 31... g6 $19 32. Ke3 Rc4 33. Ke2 (33. Rd1+ $142 Ke6 34. Rd8) 33... g5 34. hxg5 hxg5 35. Rd1+ Rd4 {[%emt 0:00:09] [#] White must now prevent ...Rh7.} 36. Rd3 $2 (36. Rdc1) 36... Rxd3 37. Kxd3 {[%emt 0:00:00] KR-KR} e4+ 38. fxe4+ fxe4+ {[%emt 0:00:01] Black mates.} 39. Ke3 Rf7 40. Rxc3 Rf3+ 41. Kd2 Rxc3 42. Kxc3 g4 43. a4 a5 {Weighted Error Value: White=0.70/Black=0.08 (flawless)} 0-1

[Event "GER-ch Youth-U16 2022"]
[Site "Willingen"]
[Date "2022.06.10"]
[Round "8.16"]
[White "Weidenhoefer, Max"]
[Black "Beyer, Lorenz"]
[Result "1-0"]
[ECO "B32"]
[WhiteElo "1945"]
[BlackElo "1512"]
[Annotator "TA"]
[PlyCount "51"]
[EventDate "2022.06.05"]
[EventType "swiss"]
[EventRounds "9"]
[EventCountry "GER"]
[SourceTitle "playchess.com"]
[Source "ChessBase"]
[SourceQuality "1"]
[TimeControl "40/4500+30:900+30"]

1. e4 c5 2. Nf3 Nc6 3. d4 cxd4 4. Nxd4 d6 5. Nc3 g6 6. Be3 Bg7 7. Qd2 Bd7 8. O-O-O Nf6 9. f3 a6 10. g4 b5 {[%emt 0:04:25] B75: Sicilian Dragon: Yugoslav Attack, Miscellaneous.} 11. h4 b4 12. Nd5 {[%emt 0:01:03] Strongly threatening Nxc6. White is more active.} Qa5 $2 {[%emt 0:29:58] [#]} (12... h5 $16) 13. Kb1 $146 (13. Nxc6 $18 {is the precise move to win.} Bxc6 14. Nxb4) ({Predecessor:} 13. Nxc6 Bxc6 14. Qxb4 Qxb4 15. Nxb4 Bb7 16. h5 O-O 17. c3 a5 18. Nd3 Rfc8 19. h6 {1-0 (46) Solak,D (2457)-Tassopoulos,A Korinthos 1999}) 13... Nxd5 $16 14. Nxc6 Nc3+ $2 {[%emt 0:03:50] [#]} (14... Bxc6 $16 {was called for.} 15. exd5 Ba4) 15. Qxc3 $3 $18 {[%emt 0:00:32][%mdl 512] Dancing on a razor blade.} Qxa2+ 16. Kxa2 bxc3 17. Nd4 Rb8 18. bxc3 Bxd4 19. cxd4 {[%emt 0:00:22] White is clearly winning.} Rb4 20. Rb1 Ra4+ 21. Kb2 O-O 22. Kc1 Ra3 23. Bd3 Rc8 24. Kd2 Ra2 25. Ra1 Rb2 26. Rhb1 {[%emt 0:00:12] Weighted Error Value: White=0.21 (precise) /Black=0.58} 1-0

[Event "GER-ch Youth-U16 2022"]
[Site "Willingen"]
[Date "2022.06.11"]
[Round "9.1"]
[White "Lutsko, Artem"]
[Black "Bakiev, Diyor"]
[Result "1/2-1/2"]
[ECO "A61"]
[WhiteElo "2392"]
[BlackElo "2157"]
[Annotator "TA"]
[PlyCount "102"]
[EventDate "2022.06.05"]
[EventType "swiss"]
[EventRounds "9"]
[EventCountry "GER"]
[SourceTitle "playchess.com"]
[Source "ChessBase"]
[SourceQuality "1"]
[TimeControl "40/4500+30:900+30"]

1. d4 Nf6 2. c4 c5 3. d5 e6 4. Nc3 exd5 5. cxd5 d6 6. Nf3 g6 7. Bf4 a6 8. a4 Bg7 9. e3 O-O 10. h3 Ne8 {[%emt 0:00:00] A61: Modern Benoni: Nf3 without early e4.} 11. Be2 Nd7 12. O-O Qe7 {[%emt 0:00:00] White is slightly better. The old main line.} 13. a5 Rb8 14. Nd2 Ne5 15. Bh2 f5 16. Qc2 (16. Qb3 $5 ) 16... Nc7 {[%emt 0:00:00] [#]} 17. Rad1 $146 ({Predecessor:} 17. Rae1 b5 18. axb6 Rxb6 19. f4 Nf7 20. e4 fxe4 21. Ndxe4 Bf5 22. Bg4 Bxg4 23. hxg4 {1-0 (44) Bocharov,D (2527)-Cheparinov,I (2531) Dos Hermanas 2004}) 17... b5 18. axb6 $1 Rxb6 19. Rfe1 Nb5 20. f4 Nf7 21. Nc4 Rb8 22. Nb1 (22. Bg3 $14) 22... Bd7 23. Nbd2 Nc7 24. Bf3 Rb4 25. Bg3 Rfb8 26. b3 Nb5 27. Na5 Qd8 (27... Nc3 $11 {keeps the balance.}) 28. Ndc4 $2 {[%emt 0:06:59] [#]} (28. Nc6 $16 Bxc6 29. dxc6) 28... Na3 $1 $36 {[%emt 0:02:24][%mdl 2048] Keeping White busy.} 29. Nxa3 Qxa5 30. Nc4 Qc7 31. Rb1 {[%emt 0:01:11] [#]} a5 $1 32. Qa2 (32. Kh2 $142) 32... a4 (32... Qb7 $17 {And now ...a4 would win.} 33. Qd2 a4) 33. bxa4 $11 Bxa4 34. Rxb4 Rxb4 35. Rb1 Qb8 36. Rc1 {[%emt 0:04:22] [#]} (36. Rxb4 $11 Qxb4 37. Bh4) 36... Bb3 $1 $17 37. Qe2 Qb5 {[%emt 0:01:14] Against Na5} 38. Nd2 Qxe2 39. Bxe2 Bxd5 40. Be1 Rb2 41. g4 Be4 ({Better is} 41... Be6 $17 42. gxf5 gxf5) 42. Bc4 $11 Rc2 43. Rb1 ({Much worse is} 43. Rxc2 Bxc2 44. Bd5 Kf8 $17) 43... Bb2 $1 {[%emt 0:03:19][%cal Oc2d2] Hoping for ...Rxd2!} 44. Nxe4 Rxc4 45. Nxd6 Nxd6 46. Rxb2 {[%emt 0:00:00][%mdl 4096] Endgame KRB-KRN} Rc1 47. Kf2 c4 48. Ke2 {[%emt 0:00:00] The position is equal.} c3 49. Rb6 Ne4 50. Rb7 ({But not} 50. Rc6 Kf7 $17) 50... Rc2+ 51. Kd3 Rh2 {[%emt 0:01:54] Whites escaped into a draw.  Weighted Error Value: White=0.23 (precise) /Black=0.24 (precise)} 1/2-1/2

[Event "GER-ch Youth-U16 2022"]
[Site "Willingen"]
[Date "2022.06.11"]
[Round "9.2"]
[White "Petrovskyi, Vadym"]
[Black "Farokhi, Keyvan"]
[Result "1/2-1/2"]
[ECO "B92"]
[WhiteElo "2330"]
[BlackElo "2360"]
[Annotator "TA"]
[PlyCount "66"]
[EventDate "2022.06.05"]
[EventType "swiss"]
[EventRounds "9"]
[EventCountry "GER"]
[SourceTitle "playchess.com"]
[Source "ChessBase"]
[SourceQuality "1"]
[TimeControl "40/4500+30:900+30"]

1. e4 c5 2. Nf3 d6 3. d4 cxd4 4. Nxd4 Nf6 5. Nc3 a6 6. Be2 e5 7. Nb3 Be6 8. O-O Be7 9. Re1 {[%emt 0:00:00] B92: Sicilian Najdorf: 6 Be2.} O-O 10. Bf3 Nbd7 11. a4 Qc7 12. a5 b5 13. axb6 $1 Nxb6 14. Na5 Rfd8 (14... Nc4 $14 {feels stronger.} 15. Nxc4 Bxc4) 15. Nd5 $16 Nfxd5 16. exd5 Bd7 {[%emt 0:00:16] [#]} 17. Be3 $146 ({Predecessor:} 17. b3 f5 18. c4 Bf6 19. Ra2 e4 20. Be2 Na4 21. bxa4 Qxa5 22. Bd2 Qc5 23. Be3 {1-0 (56) Kayumov,D (2463)-Surendran,N (2146) Dubai 2011}) 17... f5 18. c4 (18. Nc6 $16 Bxc6 19. dxc6) 18... e4 (18... Nxc4 $11 {keeps the balance.} 19. Nc6 Nxe3 20. Rxe3 Re8) 19. Be2 Bf6 20. c5 (20. Bd4 $142) 20... dxc5 21. d6 Qb8 22. Bxc5 Kh8 23. Ra3 {[%emt 0:09:51] [#] Threatens to win with Rb3.} Rc8 24. b4 Be6 25. g4 (25. Qd2 $1 $14) 25... Nd7 $1 $11 26. gxf5 Bg8 (26... Bxf5 $11 27. Rb3 Rf8) 27. Bd4 {[%emt 0:03:28] 0x0.00207b53f4a8dp-1022s more active pieces.} ({White should play} 27. Bc4 $1 $14) 27... Qxb4 {[%emt 0:05:58] The position is equal.} 28. Ra4 Qxd6 {[%emt 0:00:07] ...Nc5 is the strong threat.} 29. Bxf6 {[%emt 0:00:07][%mdl 64] [#] Pin} Qxd1 30. Bxg7+ $1 Kxg7 31. Rxd1 Nf6 32. Bc4 Rc5 33. Be6 Bxe6 {[%emt 0:03:42] Weighted Error Value: White=0.20 (precise) /Black=0.20 (precise)} 1/2-1/2

[Event "GER-ch Youth-U16 2022"]
[Site "Willingen"]
[Date "2022.06.11"]
[Round "9.3"]
[White "Laux, Dominik"]
[Black "Bui, Bao Anh Le"]
[Result "1-0"]
[ECO "B24"]
[WhiteElo "2263"]
[BlackElo "2127"]
[Annotator "TA"]
[PlyCount "79"]
[EventDate "2022.06.05"]
[EventType "swiss"]
[EventRounds "9"]
[EventCountry "GER"]
[SourceTitle "playchess.com"]
[Source "ChessBase"]
[SourceQuality "1"]
[TimeControl "40/4500+30:900+30"]

1. e4 c5 2. Nc3 Nc6 3. Nf3 e5 4. Bc4 g6 5. d3 h6 6. Ng1 {[%emt 0:00:00] B30: Sicilian: 2...Nc6 3 Bb5, lines without ...g6.} Bg7 {[%emt 0:08:15] [#]} 7. f4 $146 ({Predecessor:} 7. f3 d6 8. Nge2 Nge7 9. O-O O-O 10. Be3 Kh8 11. f4 exf4 12. Nxf4 Kh7 13. Qd2 {1-0 (37) Navara,D (2719)-Nguyen,T (2569) Pardubice 2020}) 7... d6 8. Nf3 {[%emt 0:00:00] White is slightly better.} Nge7 9. fxe5 dxe5 10. O-O O-O {[%emt 0:01:05] [#]} 11. Qe1 $1 {[%emt 0:03:13] Hoping for Qh4.} Nd4 {[%emt 0:10:12] [#]} 12. Qh4 $1 Nec6 {[%emt 0:09:12] Strongly threatening ...Nxf3+.} 13. Qxd8 Nxd8 14. Nxd4 cxd4 15. Nd5 Be6 16. Bd2 {[%emt 0:04:38] 0x0.002228b89330dp-1022s more active pieces.} Bxd5 17. Bxd5 Rc8 18. Bb3 Ne6 19. Rf2 Rc7 20. Raf1 Re8 21. h4 h5 22. Kh2 b6 23. a4 a5 24. Kh3 Rd7 (24... Nf4+ $142 25. Bxf4 exf4) 25. g4 $16 hxg4+ 26. Kxg4 f6 $2 {[%emt 0:00:56] Loses the game.} (26... Kf8 $16 27. Bc4 Rc7) 27. Rxf6 $18 Bxf6 28. Rxf6 Rde7 29. Rxg6+ Kh7 $2 (29... Rg7 {might work better.} 30. Kf5 (30. Bxe6+ Rxe6 31. Rg5 Rxg5+ 32. hxg5 Rc6 $11) 30... Rxg6 31. Kxg6 Kf8) 30. Rh6+ Kg7 31. h5 Nc5 32. Bc4 Rf8 33. Rg6+ Kh7 34. Bg5 Rb7 35. b3 {[%emt 0:01:11] White is clearly winning.} Rf2 (35... Rfb8 $142 36. Rd6 Rf8 37. Rh6+ Kg7) 36. Bg8+ {[%emt 0:01:14] A strong pair of Bishops.} Kh8 37. Kg3 Rf8 38. Bd5 Rg7 39. Rh6+ Rh7 40. Bf6+ {[%emt 0:00:12] Weighted Error Value: White=0.04 (flawless) /Black=0.32} 1-0